 Dungeon Crawl Stone Soup version 0.23-a0-29-g1be82e5 (webtiles) character file.

23 Amnesiac the Digger (level 2, -1/19 HPs)
             Began as a Mummy Earth Elementalist on Aug 3, 2018.
             Slain by an ufetubus (5 damage)
             ... summoned by Eustachio
             ... on level 4 of the Dungeon.
             The game lasted 00:01:15 (533 turns).

Amnesiac the Digger (Mummy Earth Elementalist)       Turns: 533, Time: 00:01:16

Health: -1/19      AC:  2    Str: 11    XL:     2   Next: 75%
Magic:  6/6        EV: 12    Int: 14    God:
Gold:   46         SH:  0    Dex: 12    Spells: 4/7 levels left

rFire    x . .     SeeInvis .   a - +0 dagger
rCold    + . .     Gourm    .   (no shield)
rNeg     + + +     Faith    .   c - +0 robe
rPois    ∞         Spirit   .   (no helmet)
rElec    .         Reflect  .   (no cloak)
rCorr    .         Harm     .   (no gloves)
MR       .....                  (no boots)
Stlth    ++........             (no amulet)
HPRegen  0.06/turn              (no ring)
MPRegen  0.10/turn              (no ring)

@: no status effects
A: no food or potions, fire vulnerability, cold resistance 1, negative energy
resistance 3, torment resistance, unbreathing
a: no special abilities


You were on level 4 of the Dungeon.
You were not hungry.

You visited 1 branch of the dungeon, and saw 4 of its levels.

You collected 46 gold pieces.

Inventory:

Hand Weapons
 a - a +0 dagger (weapon)
Missiles
 b - 51 stones (quivered)
Armour
 c - a +0 robe (worn)
Scrolls
 d - a scroll of blinking {!r, unknown}


   Skills:
 - Level 1.5 Dodging
 - Level 1.5 Stealth
 + Level 3.0 Spellcasting
 - Level 0.7 Transmutations
 * Level 3.2 Earth Magic


You had 4 spell levels left.
You knew the following spells:

 Your Spells              Type           Power        Failure   Level  Hunger
a - Sandblast             Erth           ##....       6%          1    N/A
b - Passwall              Tmut/Erth      #.......     14%         2    N/A

Your spell library contained the following spells:

 Spells                   Type           Power        Failure   Level  Hunger
 Stone Arrow              Conj/Erth      #.....       32%         3    N/A
 Lee's Rapid Deconstruct  Erth           ##........   85%         5    N/A
 Petrify                  Tmut/Erth      #.......     67%         4    N/A

Dungeon Overview and Level Annotations

Branches:
Dungeon (4/15)
 Temple: D:4-7

Altars:
Kikubaaqudgha

Annotations:
D:4 Eustachio


Innate Abilities, Weirdness & Mutations

You do not eat or drink.
Your flesh is vulnerable to fire.
You are immune to poison.
Your flesh is cold resistant. (rC+)
You are immune to negative energy. (rN+++)
You are immune to unholy pain and torment.
You can survive without breathing.


Message History

The quokka bites you but does no damage.
You hit the quokka.
The quokka is almost dead.
The quokka misses you. The quokka bites you.
You barely miss the quokka.
The quokka is almost dead.
The quokka barely misses you.
You barely miss the quokka.
The quokka is almost dead.
The quokka misses you.
Your magical contamination has completely faded away.
You barely miss the quokka.
The quokka is almost dead.
The quokka barely misses you.
You hit the quokka but do no damage.
The quokka is almost dead.
The quokka bites you but does no damage.
Casting: Sandblast (safe; 6% risk of failure)
Confirm with . or Enter, or press ? or * to list all spells.
Aiming: Sandblast (safe; 6% risk of failure)
Press: ? - help, Shift-Dir - straight line, f/p - quokka
Aim: a quokka (almost dead)
The blast of sand hits the quokka.
You kill the quokka!
b - 51 stones You start resting.
Magic restored.
You start resting.
Magic restored.
You start resting.
HP restored.
Eustachio the Magnificent comes into view.
He is wielding a falchion of electrocution.
Eustachio shouts!
Eustachio gestures wildly while chanting.
Eustachio blinks!
Eustachio moves out of view.
Eustachio mumbles some strange words.
Eustachio casts a spell.
Eustachio blinks!
Eustachio gestures wildly while chanting.
The white imp gestures at you. The puff of frost misses you.
Eustachio calls on the powers of shadow!
The ufetubus hits you. x2
The ufetubus hits you. The ufetubus closely misses you.
Eustachio mumbles some strange words.
Found a stone staircase leading up.
The river rat disappears in a puff of smoke!
The bat disappears in a puff of smoke!
The ufetubus hits you but does no damage. x2 2 skeletons come into view.
Found 2 rations.
Found an ancient bone altar of Kikubaaqudgha.
The ufetubus closely misses you. x2
The ufetubus closely misses you. The ufetubus misses you.
The ufetubus closely misses you. The ufetubus barely misses you.
The ufetubus hits you.
* * * LOW HITPOINT WARNING * * *
The ufetubus closely misses you.
An ogre comes into view. It is wielding a giant club.
The ufetubus closely misses you. The ufetubus hits you.
* * * LOW HITPOINT WARNING * * *
A worker ant, an orc wizard and a skeleton come into view.
The ufetubus hits you.
You die...

##### .....
...... ###......
##.....O..
##..## ##..#5##
##..###@# .#
#.#####.r###..#%
.#
.......Z##.....#
..
..#####..#a...##
####.#
........##_Z.Z.
#######..#.#
...##..Z##....#
.........#.#
#.#@#.#.o.##..
######.##.#
...#..###..##..
#####....#
#####....##
#.+###.....####


You could see a worker ant (sleeping), an orc wizard (sleeping), an ufetubus, a
leopard gecko skeleton and an adder skeleton.

Vanquished Creatures
  An ooze (D:1)
  A goblin (D:1)
  4 hobgoblins (D:1)
  6 jackals
  A kobold (D:1)
  A quokka (D:4)
  A bat (D:1)
15 creatures vanquished.

Notes
Turn   | Place    | Note
-------+----------+-------------------------------------------
     0 | D:1      | Amnesiac the Mummy Earth Elementalist began the quest for the Orb.
     0 | D:1      | Reached XP level 1. HP: 13/13 MP: 4/4
   101 | D:1      | Reached XP level 2. HP: 16/19 MP: 3/5
   105 | D:1      | Learned a level 2 spell: Passwall
   377 | D:3      | Noticed an ogre
   491 | D:4      | Noticed Eustachio
   522 | D:4      | Found an ancient bone altar of Kikubaaqudgha.
   531 | D:4      | Noticed an ogre
   533 | D:4      | Slain by an ufetubus

Vault maps used:
D:1:      co_arrival_random_square_maze, minmay_lizard_pond
D:2:      grunt_temple_overflow_holy_war, grunt_ministairs_9
D:3:      chequers_ecumenical_altar_simple_redux
D:4:      overflow_temple_1_default, first_ration, minmay_ruined_shrine,
          uniq_grinder, uniq_eustachio

Skill      XL: |  1  2 |
---------------+-------+-----
Earth Magic    | 3 |  3.2
Spellcasting   | 3 |  3.0
Dodging        | |  1.5
Stealth        | |  1.5
Transmutations | |  0.7

Action                   || total
-------------------------++-------
Melee: Unarmed           ||     2
       Dagger            ||    16
 Cast: Sandblast         ||    19
 Stab: Sleeping          ||     2
Armor: Robe              ||    10
Dodge: Dodged            ||    34

Table legend:
 A = Spawn XP
 B = Non-spawn XP
 C = Spawn XP percentage of total XP
 D = Spawn monster count
 E = Non-spawn monster count
 F = Spawn count percentage of total count
 G = Total turns spent on level
                    A         B        C        D         E        F      G
               +---------+---------+-------+---------+---------+-------+---------
         Total |       0 |      34 |   0.0 |       0 |      15 |   0.0 |   533
               +---------+---------+-------+---------+---------+-------+---------
           D:1 |       0 |      26 |   0.0 |       0 |      11 |   0.0 |   363
           D:2 |       0 |       6 |   0.0 |       0 |       3 |   0.0 |    14
           D:4 |       0 |       2 |   0.0 |       0 |       1 |   0.0 |   149
               +---------+---------+-------+---------+---------+-------+---------
